 Dungeon Crawl Stone Soup version 0.23-a0-517-gb7c078159a (webtiles) character file.

743 LLavrengius the Shield-Bearer (level 7, 0/49 HPs)
             Began as an Octopode Fighter on Dec 6, 2018.
             Was a High Priest of Jiyva.
             Slain by an ice beast (2 damage)
             ... on level 5 of the Dungeon.
             The game lasted 00:13:50 (3566 turns).

LLavrengius the Shield-Bearer (Octopode Fighter)    Turns: 3566, Time: 00:13:51

Health: 0/49       AC:  1    Str: 15    XL:     7   Next: 76%
Magic:  9/9        EV: 12    Int: 12    God:    Jiyva [*****.]
Gold:   37         SH: 10    Dex: 14    Spells: 6/6 levels left

rFire    . . .     SeeInvis .   p - +3 falchion (holy)
rCold    . . .     Gourm    .   b - +0 shield
rNeg     . . .     Faith    .   (helmet restricted)
rPois    .         Spirit   .   (no amulet)
rElec    .         Reflect  .   (no ring)
rCorr    +         Harm     .   (no ring)
MR       .....                  (no ring)
Stlth    ++........             (no ring)
HPRegen  0.16/turn              (no ring)
MPRegen  0.11/turn              (no ring)
                                (no ring)
                                (no ring)

@: no status effects
A: almost no armour, stealthy swim, amphibious, 8 rings, constrict 8, camouflage
1, strong 1, gelatinous body 1, evolution 1
a: Request Jelly, Slimify, Cure Bad Mutation, Renounce Religion


You were on level 5 of the Dungeon.
You worshipped Jiyva.
Jiyva was extremely pleased with you.
You were full.

You visited 1 branch of the dungeon, and saw 5 of its levels.
You also visited: Ossuary.

You collected 37 gold pieces.

Inventory:

Hand Weapons
 a - a +0 long sword
 j - a +3 short sword
 p - a +3 falchion of holy wrath (weapon)
Armour
 b - a +0 shield (worn)
Wands
 g - a wand of paralysis (10)
 o - a wand of flame (16)
 q - a wand of enslavement (2)
Scrolls
 e - a scroll of amnesia
 i - a scroll of enchant weapon
 l - a scroll of teleportation
 n - a scroll of remove curse
Potions
 c - 2 potions of might
 h - a potion of haste
 k - a potion of magic
 r - a potion of brilliance {unknown}
 s - a potion of ambrosia {unknown}
 t - a potion of lignification {unknown}
Comestibles
 d - 5 rations
 f - 3 chunks of flesh


   Skills:
 + Level 4.8 Fighting
 + Level 4.2 Long Blades
 - Level 3.0 Dodging
 * Level 6.2 Shields
 + Level 3.0 Evocations


You had 6 spell levels left.
You didn't know any spells.
Your spell library was empty.

Dungeon Overview and Level Annotations

Branches:
Dungeon (5/15)
 Temple: D:4-7

Altars:
Ru
Sif Muna
Trog
Uskayaw
Beogh
Jiyva

Shops:
D:4 ?

Annotations:
D:4 3 runed doors, Sokar's ghost, amateur DDFi


Innate Abilities, Weirdness & Mutations

You cannot wear most types of armour.
You are very stealthy in the water. (Stealth+)
You are amphibious.
You can wear up to eight rings at the same time.
You can use your tentacles to constrict eight enemies at once.
Your skin changes colour to match your surroundings (Stealth+).
Your rubbery body absorbs attacks. (AC +1, EV +1)
Your muscles are strong. (Str +2)
You evolve.


Message History

The ice beast is severely wounded.
The ice beast hits you.
* * * LOW HITPOINT WARNING * * *
The ice beast freezes you.
* * * LOW HITPOINT WARNING * * *
You hit the ice beast.
The ice beast is severely wounded.
You block the ice beast's attack.
You hit the ice beast.
The ice beast is severely wounded.
You block the ice beast's attack.
You hit the ice beast but do no damage.
The ice beast is severely wounded.
The ice beast barely misses you.
You riposte.
You closely miss the ice beast. Your squeeze misses the ice beast.
The ice beast is severely wounded.
You hit the ice beast.
The ice beast is almost dead.
The ice beast hits you.
You die...

...##
##.......#
#..###.#.######
#...#.##.#
#..#.###.#
#........#
#.######## #.#
####.#######
#...@.......
#.##.Y###.#. #
...# .....
##..... ##.####
#.# #.#


You could see an ice beast.

Vanquished Creatures
  Sigmund (D:3)
  4 water moccasin zombies (Ossuary)
  A bullfrog skeleton (D:5)
  A gnoll shaman (D:5)
  An iguana (D:4)
  Terence (D:3)
  Natasha (twice) (D:4)
  A worker ant (D:4)
  4 big kobold zombies (Ossuary)
  6 gnolls
  A howler monkey skeleton (D:5)
  4 adders
  3 adder zombies (Ossuary)
  3 worms
  2 leopard geckos
  5 orcs
  4 giant cockroaches
  12 goblins
  5 hobgoblins
  4 jackals (D:1)
  2 bats (D:1)
  6 frilled lizards
  A goblin zombie (D:4)
  3 hobgoblin zombies (Ossuary)
  2 kobolds (D:1)
  5 kobold zombies (Ossuary)
  4 orc zombies (Ossuary)
  A quokka zombie (D:4)
  5 rats
94 creatures vanquished.

Vanquished Creatures (collateral kills)
  A gnoll (D:3)
1 creature vanquished.

Vanquished Creatures (others)
  Grinder (D:3)
  9 jellies
  A worker ant (D:4)
  Natasha (D:4)
  A hound skeleton (D:4)
  2 mummies (Ossuary)
  A gnoll (D:3)
  An adder (D:2)
  An adder zombie (Ossuary)
  3 worms
  A leopard gecko (D:2)
  5 orcs (D:4)
  3 bats (D:2)
  A goblin (D:3)
  2 hobgoblins (D:2)
  2 frilled lizards
  2 kobold zombies (Ossuary)
  2 orc zombies (Ossuary)
  3 rats
42 creatures vanquished.

Grand Total: 137 creatures vanquished

Notes
Turn   | Place    | Note
-------+----------+-------------------------------------------
     0 | D:1      | LLavrengius the Octopode Fighter began the quest for the
                  | Orb.
     0 | D:1      | Reached XP level 1. HP: 16/16 MP: 1/1
   112 | D:1      | Reached XP level 2. HP: 20/21 MP: 2/2
   709 | D:1      | Reached XP level 3. HP: 23/26 MP: 3/3
   978 | D:2      | Found a faded altar of an unknown god.
   985 | D:2      | Became a worshipper of Jiyva Jiynol the Shapeless
   985 | D:2      | Reached * piety under Jiyva
  1177 | D:2      | Reached ** piety under Jiyva
  1386 | D:2      | Reached skill level 4 in Shields
  1675 | D:3      | Reached XP level 4. HP: 31/31 MP: 4/4
  1742 | D:3      | Noticed Terence
  1784 | D:3      | Killed Terence
  1869 | D:3      | Noticed a moth of wrath
  1872 | D:3      | Found a bloodstained altar of Trog.
  1971 | D:3      | Noticed Sigmund
  1978 | D:3      | Killed Sigmund
  1978 | D:3      | Reached XP level 5. HP: 8/37 MP: 5/5
  2041 | D:3      | Reached *** piety under Jiyva
  2041 | D:3      | Gained mutation: Your muscles are strong. (Str +2) [Jiyva's
                  | grace]
  2439 | D:3      | Noticed Grinder
  2446 | D:3      | Killed Grinder
  2446 | D:3      | Reached skill level 1 in Evocations
  2757 | D:4      | Reached **** piety under Jiyva
  2757 | D:4      | Gained mutation: You evolve. [Jiyva's grace]
  2777 | D:4      | Reached XP level 6. HP: 18/43 MP: 5/7
  2807 | D:4      | Found a runed gate.
  2807 | D:4      | Found a runed gate.
  2808 | D:4      | Found a runed gate.
  2809 | D:4      | Noticed Sokar's ghost (amateur DDFi)
  2858 | D:4      | Reached skill level 5 in Shields
  2944 | D:4      | Noticed Natasha
  2948 | D:4      | Killed Natasha
  2977 | D:4      | Found a sand-covered staircase.
  2984 | Ossuary  | Entered an ossuary
  3049 | Ossuary  | Reached XP level 7. HP: 32/49 MP: 8/8
  3181 | D:4      | Killed Natasha
  3189 | D:4      | Reached ***** piety under Jiyva
  3225 | D:4      | Found Nefia's Magic Scroll Boutique.
  3339 | D:4      | Noticed Natasha
  3343 | D:4      | Killed Natasha
  3370 | D:4      | Found a hide-covered altar of Uskayaw.
  3370 | D:4      | Found a deep blue altar of Sif Muna.
  3375 | D:4      | Found a faded altar of an unknown god.
  3377 | D:4      | Found a faded altar of an unknown god.
  3379 | D:4      | Found a sacrificial altar of Ru.
  3429 | D:4      | Found a roughly hewn altar of Beogh.
  3465 | D:5      | Entered Level 5 of the Dungeon
  3470 | D:5      | Reached skill level 6 in Shields
  3562 | D:5      | HP: 2/49 [ice beast (6)]
  3566 | D:5      | Slain by an ice beast

Vault maps used:
D:1:      sevenhm_arrival_forest_fort_large_2, chequers_serial_rivers_micro_a
D:2:      chequers_ecumenical_altar_simple
D:3:      tgw_trog, uniq_terence, uniq_grinder, uniq_sigmund
D:4:      chequers_temple_overflow_minitemple, serial_shops,
          nicolae_shop_behind_doors, serial_column_ruins,
          column_ruins_open_small, column_ruins_corridor_corner,
          column_ruins_grid_1, column_ruins_grid_1, column_ruins_open_small,
          column_ruins_grid_1, biasface_ghost_orc_armoury, enter_ossuary_4,
          dk_rats_in_the_wall, uniq_natasha
D:5:      first_ration
Ossuary:  ossuary_tomb_2

Skill      XL: |  1  2  3  4  5  6  7 |
---------------+----------------------+-----
Shields        | 4 5 6 |  6.2
Long Blades    | 3 4 |  4.2
Evocations     | 1 2 3 |  3.0
Fighting       | 4 |  4.8
Dodging        | |  3.0

Action                   |  1- 3 |  4- 6 |  7- 9 || total
-------------------------+-------+-------+-------++-------
Melee: Long sword        |    56 |     6 |       ||    62
       Constrict         |    16 |    33 |    15 ||    64
       Tentacles         |     7 |    29 |    16 ||    52
       Falchion          |       |    84 |    59 ||   143
Evoke: Wand              |       |     3 |       ||     3
  Use: Scroll            |       |     8 |       ||     8
       Potion            |       |     1 |     1 ||     2
 Stab: Sleeping          |     4 |     6 |     1 ||    11
       Distracted        |       |     1 |       ||     1
  Eat: Chunk             |     1 |     2 |       ||     3
Armor: Skin              |     7 |     2 |     1 ||    10
Dodge: Dodged            |    18 |    26 |    19 ||    63
Block: Shield            |    25 |    34 |    21 ||    80
       Rpst.: Long sword |    10 |     1 |       ||    11
       Falchion          |       |     6 |     7 ||    13

Table legend:
 A = Non-vault XP
 B = Vault XP
 C = Vault XP percentage of total XP
 D = Non-vault monster count
 E = Vault monster count
 F = Vault count percentage of total count
                 A         B        C        D         E       F
            +---------+---------+-------+---------+---------+-------
      Total |     429 |     633 |  59.6 |      65 |      32 |  33.0
            +---------+---------+-------+---------+---------+-------
        D:1 |      38 |       0 |   0.0 |      23 |       0 |   0.0
        D:2 |      41 |       0 |   0.0 |       4 |       0 |   0.0
        D:3 |      41 |     147 |  78.2 |      14 |       6 |  30.0
        D:4 |     127 |      37 |  22.6 |      15 |       3 |  16.7
        D:5 |     182 |       0 |   0.0 |       9 |       0 |   0.0
    Ossuary |       0 |     449 | 100.0 |       0 |      23 | 100.0
            +---------+---------+-------+---------+---------+-------
